 Dungeon Crawl Stone Soup version 0.30-b1-2-g02819fbbbe (webtiles) character file.

Game seed: 11957924000872765068

23 Borgoz the Trooper (level 3, -2/23 HPs)
             Began as a Gargoyle Berserker on June 16, 2023.
             Was a Follower of Trog.
             Slain by a jackal (3 damage)
             ... on level 2 of the Dungeon.
             The game lasted 00:02:14 (602 turns).

Borgoz the Trooper (Gargoyle Berserker)              Turns: 602, Time: 00:02:15

Health: -2/23      AC:  5    Str: 20    XL:     3   Next: 0%
Magic:  3/3        EV: 12    Int:  7    God:    Trog [*.....]
Gold:   19         SH:  0    Dex: 11    Spells: 2/2 levels left

rFire   . . .        a - +0 mace
rCold   . . .        (no shield)
rNeg    + . .        b - +0 animal skin
rPois   ∞            (no helmet)
rElec   +            (no cloak)
rCorr   .            (no gloves)
SInv    .            (no boots)
Will    .....        (no amulet)
Stlth   +            (no ring)
HPRegen 0.23/turn    (no ring)
MPRegen 0.08/turn

%: no passive effects
@: no status effects
A: sickness immunity, AC +3, negative energy resistance 1, electricity
resistance, torment resistance 1, petrification resistance
a: Renounce Religion, Berserk


You were on level 2 of the Dungeon.
You worshipped Trog.
Trog was aware of your devotion.
You visited 1 branch of the dungeon, and saw 2 of its levels.

You collected 19 gold pieces.

Inventory:

Hand Weapons
 a - a +0 mace (weapon)
Armour
 b - a +0 animal skin (worn)
Scrolls
 c - a scroll of fear {unknown}
 d - 2 scrolls of teleportation {unknown}
 e - a scroll of silence {unknown}
 f - 2 scrolls of identify {unknown}
 g - a scroll of vulnerability {unknown}
 j - a scroll of enchant armour {unknown}
Potions
 h - a potion of attraction {unknown}
 i - 2 potions of degeneration {unknown}


   Skills:
 + Level 3.5 Fighting
 * Level 3.4 Maces & Flails
 + Level 2.5 Armour
 + Level 1.8 Dodging


You had 2 spell levels left.
You didn't know any spells.
Your spell library was empty.

Dungeon Overview and Level Annotations

Branches:
Dungeon (2/15)

Altars:

Shops:
D:1 :


Innate Abilities, Weirdness & Mutations

You are immune to sickness and miasma.
Your stone body is resilient. (AC +3)
You are immune to poison.
You resist negative energy. (rN+)
You are resistant to electric shocks. (rElec)
You are resistant to unholy torment.
You are immune to petrification.


Message History

You are too injured to fight recklessly!
You are too injured to fight recklessly!
You are too injured to fight recklessly!
You are too injured to fight recklessly!
The jackal barely misses you. The jackal misses you.
The jackal closely misses you. The jackal attacks as you move away!
The jackal bites you but does no damage.
The jackal attacks as you move away!
The jackal bites you but does no damage. x2
A giant cockroach comes into view.
The jackal bites you but does no damage.
The jackal attacks as you move away! The jackal misses you.
The jackal attacks as you move away! The jackal barely misses you.
The jackal attacks as you move away! The jackal closely misses you.
The jackal misses you.
You hit the jackal.
The jackal is moderately wounded.
The giant cockroach closely misses you. The jackal bites you.
You hit the jackal.
The jackal is heavily wounded.
The jackal bites you.
* * * LOW HITPOINT WARNING * * *
The giant cockroach closely misses you. The jackal barely misses you.
The giant cockroach bites you.
* * * LOW HITPOINT WARNING * * *
You hit the giant cockroach.
The giant cockroach is lightly wounded.
The jackal bites you.
* * * LOW HITPOINT WARNING * * *
The giant cockroach bites you.
* * * LOW HITPOINT WARNING * * *
The jackal closely misses you.
You hit the giant cockroach.
The giant cockroach is severely wounded.
The giant cockroach closely misses you. The jackal barely misses you.
You closely miss the giant cockroach.
The giant cockroach is heavily wounded.
The giant cockroach closely misses you. The jackal bites you.
You die...

.# .# ##.# #..
##.###### #.......#
. #<......#
....######.......###
......B@hhh.!......+
..########.†.....###
#.......# #.......#
####.#### .# .# .#


You could see 3 jackals and a giant cockroach.

Vanquished Creatures
  3 ball pythons (D:1)
  A bat (D:1)
  2 endoplasms (D:1)
  2 hobgoblins (D:1)
  4 jackals
  A kobold (D:1)
  A frilled lizard (D:1)
  3 goblins (D:1)
  5 rats (D:1)
22 creatures vanquished.

Vanquished Creatures (others)
  A demonic plant (D:1)
  2 plants (D:1)
  2 withered plants (D:1)
5 creatures vanquished.

Grand Total: 27 creatures vanquished

Notes
Turn   | Place    | Note
-------+----------+-------------------------------------------
     0 | D:1      | Borgoz the Gargoyle Berserker began the quest for the Orb.
     0 | D:1      | Reached XP level 1. HP: 14/14 MP: 1/1
   154 | D:1      | Reached XP level 2. HP: 19/19 MP: 2/2
   155 | D:1      | Found a faded altar of an unknown god.
   276 | D:1      | Found Tush's Vocational Training.
   589 | D:2      | Reached XP level 3. HP: 23/23 MP: 3/3
   600 | D:2      | HP: 1/23 [giant cockroach (2)]
   602 | D:2      | Slain by a jackal

Illustrated notes

Levels and vault maps discovered:
D:1:      scummos_arrival_simple_crosswalls, layout_basic,
          shapermc_ecumenical_altar_gd, nicolae_shop_vocational
D:2:      layout_loops_corners, uniq_robin, uniq_crazy_yiuf_cottage

Action                     || total
---------------------------++-------
  Melee: Mace              ||    77
         Punch             ||     2
 Armour: Animal skin       ||    69
  Dodge: Dodged            ||   108
